 Dungeon Crawl Stone Soup version 0.30-a0-1164-ge08a67761e (webtiles) character file.

Game seed: 6647896861150371569

252 Tomstefer the Chopper (level 5, 0/41 HPs)
             Began as a Demonspawn Gladiator on Apr 29, 2023.
             Was an Initiate of Gozag.
             Slain by a bullfrog (3 damage)
             ... on level 5 of the Dungeon.
             The game lasted 00:04:22 (2651 turns).

Tomstefer the Chopper (Demonspawn Gladiator)        Turns: 2651, Time: 00:04:22

Health: 0/41       AC:  4    Str: 16    XL:     5   Next: 89%
Magic:  5/5        EV: 12    Int: 10    God:    Gozag
Gold:   265        SH:  0    Dex: 14    Spells: 4/4 levels left

rFire   . . .        a - +0 war axe
rCold   . . .        (no shield)
rNeg    . . .        b - +0 leather armour
rPois   .            (helmet restricted)
rElec   .            u - +0 cloak
rCorr   .            (no gloves)
SInv    .            (no boots)
Will    .....        (no amulet)
Stlth   +            (no ring)
HPRegen 0.26/turn    (no ring)
MPRegen 0.09/turn

%: no passive effects
@: gold aura
A: horns 2, demonic magic 1
a: Renounce Religion, Potion Petition, Call Merchant, Bribe Branch


You were on level 5 of the Dungeon.
You worshipped Gozag.
Gozag was aware of your devotion.
You visited 1 branch of the dungeon, and saw 5 of its levels.

You collected 370 gold pieces.
You paid 105 gold pieces to Gozag.

Inventory:

Hand Weapons
 a - a +0 war axe (weapon)
Missiles
 d - 3 throwing nets (quivered)
 e - a javelin
 g - 26 stones
Armour
 b - a +0 leather armour (worn)
 c - a +0 helmet
 f - a +0 ring mail
 u - a +0 cloak (worn)
 x - the +1 helmet of the Past {Will+ Dex+3 Slay+3}
   (You took it off Robin on level 4 of the Dungeon)

   Dex:       It affects your dexterity (+3).
   Slay:      It affects your accuracy & damage with ranged weapons and melee
   (+3).
   Will:      It increases your willpower.
Jewellery
 o - a +6 ring of intelligence
 r - a ring of ice
Scrolls
 h - 5 scrolls of identify {unknown}
 k - 2 scrolls of blinking {unknown}
 n - 4 scrolls of teleportation {unknown}
 s - a scroll of enchant weapon {unknown}
 v - a scroll of silence {unknown}
 w - a scroll of fear {unknown}
Potions
 i - 3 potions of flight {unknown}
 j - 4 potions of heal wounds {unknown}
 l - a potion of mutation {unknown}
 m - 2 potions of lignification {unknown}
 p - a potion of ambrosia {unknown}
 q - a potion of invisibility {unknown}
 t - a potion of attraction {unknown}
 z - a potion of brilliance {unknown}
 A - a potion of might {unknown}


   Skills:
 + Level 3.4 Fighting
 * Level 4.7 Axes
 + Level 3.1 Throwing
 - Level 2.6 Dodging


You had 4 spell levels left.
You didn't know any spells.
Your spell library contained the following spells:

 Spells                   Type           Power      Damage    Failure   Level
 Summon Small Mammal      Summ           0%         N/A       43%         1
 Lesser Beckoning         Tloc           0%         N/A       56%         2
 Call Canine Familiar     Summ           0%         N/A       80%         3
 Gell's Gravitas          Tloc           0%         N/A       80%         3
 Summon Guardian Golem    Hex/Summ       0%         N/A       80%         3
 Teleport Other           Tloc           0%         N/A       80%         3


Dungeon Overview and Level Annotations

Branches:
Dungeon (5/15)
 Temple: D:4-7

Altars:
Gozag
Hepliaklqana
Trog

Shops:
D:3 (=?

Annotations:
D:3 1 runed translucent door, sefie's ghost, amateur MeFi


Innate Abilities, Weirdness & Mutations

You have a pair of horns on your head.
Spells you cast may paralyse adjacent enemies.


Message History

The ufetubus is almost dead.
You barely miss the orc.
The ufetubus hits you but does no damage.
The ufetubus hits you. The orc closely misses you.
The ufetubus barely misses you. The ufetubus hits you.
You barely miss the ufetubus. You headbutt the ufetubus.
You kill the ufetubus!
You closely miss the orc.
The orc wizard casts a spell.
The orc wizard flickers and vanishes!
Deactivating autopickup; reactivate with Ctrl-A.
The orc hits you with a +0 hand axe.
A howler monkey comes into view.
The bullfrog closely misses you. The orc attacks as you move away!
The orc closely misses you.
A puff of flame appears from out of thin air!
The puff of flame hits you! The bullfrog attacks as you move away!
The bullfrog barely misses you. The orc attacks as you move away!
The orc hits you with a +0 hand axe. The orc attacks as you move away!
The orc barely misses you. The bullfrog completely misses you.
The orc attacks as you move away! The orc hits you but does no damage.
The bullfrog attacks as you move away! The bullfrog hits you!
The orc attacks as you move away! The orc barely misses you.
The orc is distracted by your dazzling golden aura.
The bullfrog closely misses you.
The orc is no longer distracted by gold.
The orc hits you with a +0 club.
* * * LOW HITPOINT WARNING * * *
The orc is distracted by your dazzling golden aura.
The bullfrog closely misses you. The bullfrog attacks as you move away!
The bullfrog hits you.
* * * LOW HITPOINT WARNING * * *
The orc attacks as you move away! The orc hits you but does no damage.
There is a stone staircase leading up here.
The bullfrog hits you.
* * * LOW HITPOINT WARNING * * *
The orc completely misses you. The bullfrog hits you.
You die...
Your body crumbles into a pile of gold.

.# ##### .### ##.#.
..... # #.... .... .#.
###... ...# ..
....#....##...#..
....#.......# .. ##
.........@####.# .....
$ ........Fo####.#
.....
.........so.#..##.....
...................#..
.###.........$.......
#..............#
#.......#.#....##.#
..........#.#o......#
#.......#.....$.#....#


You could see a bullfrog, a scorpion and 3 orcs.

Vanquished Creatures
  3 wights (D:4)
  Robin (D:4)
  2 adders
  An ufetubus (D:5)
  A dart slug (D:3)
  2 orcs (D:3)
  6 endoplasms
  6 giant cockroaches
  13 goblins
  6 hobgoblins
  3 jackals (D:3)
  3 kobolds (D:1)
  3 quokkas (D:1)
  A ball python (D:4)
  4 bats
  3 frilled lizards
  2 rats (D:3)
60 creatures vanquished.

Notes
Turn   | Place    | Note
-------+----------+-------------------------------------------
     0 | D:1      | Tomstefer the Demonspawn Gladiator began the quest for the
                  | Orb.
     0 | D:1      | Reached XP level 1. HP: 16/16 MP: 1/1
    95 | D:1      | Reached skill level 3 in Axes
   107 | D:1      | Gained mutation: Spells you cast may paralyse adjacent
                  | enemies. [demonic ancestry]
   107 | D:1      | Reached XP level 2. HP: 18/22 MP: 2/2
   514 | D:2      | Found a hazy altar of Hepliaklqana.
   796 | D:2      | Reached XP level 3. HP: 11/28 MP: 3/3
  1091 | D:3      | Found Jyfrubio's Weapon Emporium.
  1135 | D:3      | Found a runed translucent door.
  1135 | D:3      | Noticed sefie's ghost (amateur MeFi)
  1172 | D:3      | Found Hezatyvup's Magic Scroll Shoppe.
  1277 | D:3      | Noticed a great orb of eyes
  1346 | D:3      | Found Kechoes's Jewellery Emporium.
  1510 | D:3      | Noticed a shining eye
  1516 | D:3      | Noticed a golden eye
  1518 | D:3      | Found a faded altar of an unknown god.
  1520 | D:3      | Noticed an eye of devastation
  1723 | D:4      | Found an opulent altar of Gozag.
  1724 | D:4      | Found an opulent altar of Gozag.
  1724 | D:4      | Found an opulent altar of Gozag.
  1731 | D:4      | Became a worshipper of Gozag Ym Sagoz the Greedy
  1804 | D:4      | Noticed a wight
  1814 | D:4      | HP: 1/26 [wight/+0 morningstar (2)]
  1815 | D:4      | Killed a wight
  1816 | D:4      | Reached skill level 4 in Axes
  1816 | D:4      | Gained mutation: You have a pair of small horns on your
                  | head. [demonic ancestry]
  1816 | D:4      | Reached XP level 4. HP: 2/34 MP: 4/4
  1974 | D:4      | Gained mutation: You have a pair of horns on your head.
                  | [demonic ancestry]
  1974 | D:4      | Reached XP level 5. HP: 29/41 MP: 5/5
  2086 | D:4      | Identified the +1 helmet of the Past {Will+ Dex+3 Slay+3}
  2086 | D:4      | Noticed Robin
  2110 | D:4      | Killed Robin
  2242 | D:4      | Found a bloodstained altar of Trog.
  2270 | D:4      | Found an opulent altar of Gozag.
  2448 | D:4      | Identified the +3 leather armour of Stoicism {Contam Harm
                  | rElec SInv}
  2624 | D:5      | Entered Level 5 of the Dungeon
  2651 | D:5      | Slain by a bullfrog

Illustrated notes

Levels and vault maps discovered:
D:1:      tarquinn_simple_flora_water_d, layout_rooms
D:2:      layout_loops_cross, basic_altar, minmay_liquid_box
D:3:      layout_rooms, hellmonk_ghost_happy_afterlife,
          hellmonk_ecumenical_altar_watching_god, serial_shops, shop,
          nicolae_shop_hallway_stairs, shop, chequers_serial_rivers_large_a,
          minivault_5, chequers_mini_garden
D:4:      layout_basic, lemuel_doored_altar,
          nicolae_gozag_conspicuous_consumption, serial_bayou_pond_a,
          minmay_misc_feat_iff, uniq_robin
D:5:      layout_cave_pools, hangedman_abyss_or_decor_lesser_grid

Skill      XL: |  1  2  3  4  5 |
---------------+----------------+-----
Axes           | 3 4 |  4.7
Throwing       | 2 3 |  3.1
Fighting       | 3 |  3.4
Dodging        | |  2.6

Action                     |  1- 3 |  4- 6 || total
---------------------------+-------+-------++-------
  Melee: War axe           |    91 |    44 ||   135
         Punch             |     1 |       ||     1
         Headbutt          |       |    12 ||    12
  Throw: Throwing net      |     1 |       ||     1
   Stab: Sleeping          |     3 |       ||     3
 Armour: Leather armour    |    31 |    12 ||    43
  Dodge: Dodged            |    51 |    37 ||    88

Table legend: (Time is in decaauts)
 A = Elapsed time spent in this place.
 B = Non-inter-level travel time spent in this place.
 C = Inter-level travel time spent in this place.
 D = Time resting spent in this place.
 E = Time spent auto-exploring this place.
 F = Levels seen in this place.
 G = Mean time per level.
                   A        B        C        D        E       F      G
               +--------+--------+--------+--------+--------+-----+--------+
         Total |   2708 |   2650 |     58 |    121 |   2037 |   5 |  541.6 |
       Dungeon |   2708 |   2650 |     58 |    121 |   2037 |   5 |  541.6 |
               +--------+--------+--------+--------+--------+-----+--------+

Top non-repeatable levels by time:
     D:4: 1030 daAuts
     D:2: 735 daAuts
     D:3: 562 daAuts
     D:1: 352 daAuts
     D:5: 27 daAuts
